 Dungeon Crawl Stone Soup version 0.23.2-30-g0e89c35649 (webtiles) character file.

Game seed: 16865919293528620733

19563 senseless the Basher (level 12, -3/111 HPs)
             Began as a Hill Orc Fighter on June 11, 2019.
             Was a High Priest of Beogh.
             Slain by a vault guard
             ... wielding a +0 glaive
              (17 damage)
             ... on level 13 of the Dungeon on June 12, 2019.
             The game lasted 01:00:03 (13759 turns).

senseless the Basher (Hill Orc Fighter)            Turns: 13759, Time: 01:00:03

Health: -3/111     AC: 18    Str: 21    XL:     12   Next: 70%
Magic:  12/12      EV: 12    Int: 11    God:    Beogh [*****.]
Gold:   644        SH: 12    Dex: 15    Spells: 11/11 levels left

rFire    x . .     SeeInvis .   s - +1 morningstar "Raeth" {speed, Dex+3}
rCold    + + .     Gourm    .   c - +0 shield
rNeg     . . .     Faith    .   h - +4 scale mail
rPois    .         Spirit   .   (no helmet)
rElec    .         Reflect  .   k - +2 cloak
rCorr    .         Harm     .   G - +0 pair of gloves
MR       .....     Rnd*Rage +   p - +0 pair of boots
Stlth    +.........             D - amulet of rage (curse)
HPRegen  0.28/turn              C - ring of protection from cold
MPRegen  0.13/turn              b - ring of ice

@: no status effects
A: walk on water, rugged brown scales 1, thin skeletal structure 1, berserk 1
a: Smiting, Recall Orcish Followers, Give Item to Named Follower, Renounce
Religion, Evoke Berserk Rage


You were on level 13 of the Dungeon.
You worshipped Beogh.
Beogh was extremely pleased with you.
You were near starving.

You visited 1 branch of the dungeon, and saw 13 of its levels.
You also visited: Sewer and Bailey.

You collected 734 gold pieces.
You spent 90 gold pieces at shops.

Inventory:

Hand Weapons
 a - a +0 flail
 s - the +1 morningstar "Raeth" (weapon) {speed, Dex+3}
   (You found it on level 4 of the Dungeon)

   Attacks with this weapon are significantly faster.
   It affects your dexterity (+3).
 y - a +0 flail of flaming
Armour
 c - a +0 shield (worn)
 h - a +4 scale mail (worn)
 k - a +2 cloak (worn)
 n - a +2 leather armour of magic resistance
 p - a +0 pair of boots (worn)
 G - a +0 pair of gloves (worn)
Jewellery
 b - a ring of ice (right hand)
 j - an uncursed ring of resist corrosion
 o - an uncursed amulet of magic regeneration
 C - a ring of protection from cold (left hand)
 D - a cursed amulet of rage (around neck)
Wands
 r - a wand of random effects (28)
 t - a wand of paralysis (7)
 u - a wand of scattershot (10)
 B - a wand of iceblast (18)
 E - a wand of disintegration (38)
 L - a wand of digging (6)
 M - a wand of enslavement (9)
Scrolls
 i - 5 scrolls of teleportation
 w - 2 scrolls of magic mapping
 K - 2 scrolls of blinking
Potions
 d - 5 potions of might
 e - 7 potions of brilliance
 g - 3 potions of flight
 l - 8 potions of curing
 m - 2 potions of berserk rage
 q - a potion of ambrosia
 v - 2 potions of heal wounds
 z - 2 potions of magic {unknown}
 A - 2 potions of agility {unknown}
 F - a potion of lignification {unknown}
Comestibles
 f - 24 rations


   Skills:
 + Level 10.8 Fighting
 + Level 14.5 Maces & Flails
 + Level 7.3 Armour
 + Level 5.4 Dodging
 + Level 2.9 Stealth
 + Level 10.2 Shields


You had 11 spell levels left.
You didn't know any spells.
Your spell library contained the following spells:

 Spells                   Type           Power        Failure   Level  Hunger
 Animate Skeleton         Necr           N/A          85%         1    ##.....
 Apportation              Tloc           #.....       85%         1    ##.....
 Confusing Touch          Hex            #.....       85%         1    ##.....
 Corona                   Hex            #......      85%         1    ##.....
 Summon Small Mammal      Summ           #...         85%         1    ##.....
 Blink                    Tloc           N/A          94%         2    ###....
 Ensorcelled Hibernation  Hex/Ice        #.....       94%         2    ###....
 Shroud of Golubria       Chrm/Tloc      #.........   94%         2    ###....
 Slow                     Hex            #.......     94%         2    ###....
 Confuse                  Hex            #.......     99%         3    ####...
 Dazzling Spray           Conj/Hex       #.....       99%         3    ####...
 Gell's Gravitas          Tloc           #.........   99%         3    ####...
 Ignite Poison            Fire/Tmut/Pois #.......     99%         3    ####...
 Inner Flame              Hex/Fire       #.......     99%         3    ####...
 Lesser Beckoning         Tloc           #.........   99%         3    ####...
 Portal Projectile        Hex/Tloc       #.....       99%         3    ####...
 Teleport Other           Tloc           #.......     99%         3    ####...
 Tukima's Dance           Hex            #.......     99%         3    ####...
 Cause Fear               Hex            #.........   100%        4    #####..
 Leda's Liquefaction      Hex/Erth       #.........   100%        4    #####..
 Passage of Golubria      Tloc           N/A          100%        4    #####..
 Summon Lightning Spire   Summ/Air       #.......     100%        4    #####..
 Fireball                 Conj/Fire      #.........   100%        5    ######.
 Silence                  Hex/Air        #.........   100%        5    ######.
 Bolt of Fire             Conj/Fire      #.........   100%        6    #######
 Conjure Ball Lightning   Conj/Air       #.........   100%        6    #######
 Deflect Missiles         Chrm/Air       #.........   100%        6    #######
 Ring of Flames           Chrm/Fire      #.........   100%        7    #######
 Ignition                 Fire           #.........   100%        8    #######
 Tornado                  Air            #.........   100%        9    #######


Dungeon Overview and Level Annotations

Branches:
Dungeon (13/15)            Temple (0/1) D:6            Lair (0/6) D:8
    Orc (0/2) D:11         Vaults (0/5) D:13

Altars:
Elyvilon
Kikubaaqudgha
Nemelex Xobeh
Qazlal
Uskayaw
Vehumet
Zin

Shops:
D:7 (   D:8 :


Innate Abilities, Weirdness & Mutations

You can walk on water.
You are partially covered in rugged brown scales. (AC +1, +3% HP)
You have a somewhat thin skeletal structure. (Dex +2, Stealth)
You tend to lose your temper in combat.


Message History

You hit the vault guard.
The vault guard is severely wounded.
Something hits Okrist.
The vault guard hits you with a +0 glaive.
* * * LOW HITPOINT WARNING * * *
You hit the vault guard but do no damage.
The vault guard is severely wounded.
You closely miss the vault guard.
The vault guard is severely wounded.
Something hits Okrist!
Something closely misses Okrist.
The vault guard hits you but does no damage.
You hit the vault guard but do no damage.
The vault guard is severely wounded.
Something closely misses Okrist.
You bludgeon the vault guard!!
The vault guard is almost dead.
Milork no longer looks unusually strong.
Something barely misses Okrist.
The vault guard hits you with a +0 glaive!
You die...

##.....## #.#...#.#
#.......# ...∩... #
..... # . #.#..)#.# .
#..p..# #. ##@## . #$#
##oo.## .### #..#
##..†..## .#..
#...##.......##.. .#.##
#................ ....#
#####.###........ ...<#
###............
....######..o...........
........................


You could see a vault guard, the friendly Milork the orc knight and the friendly
Okrist the orc knight.

Vanquished Creatures
  A hydra (D:13)
  A vault guard (D:13)
  The ghost of shugdite the Basher, a novice MiMo of Okawaru (D:10)
  A centaur warrior (D:13)
  2 two-headed ogres (D:11)
  2 ugly things
  5 slime creatures
  A manticore (D:13)
  A centaur zombie (D:11)
  Psyche (D:9)
  A centaur skeleton (D:12)
  A komodo dragon (D:12)
  An efreet (D:8)
  4 trolls
  A jumping spider (shapeshifter) (D:13)
  2 hippogriffs
  A spriggan (D:8)
  A vampire (D:13)
  2 wyverns
  4 yaks (D:9)
  3 wargs (D:8)
  A soldier ant (D:12)
  2 water moccasins
  Purgy (Sewer)
  5 orc warriors
  4 ice beasts
  3 black bears
  2 sky beasts
  An ogre (D:4)
  An eye of draining (D:13)
  A necrophage (D:10)
  3 phantoms
  2 centaurs
  3 big kobolds (D:11)
  6 bullfrogs
  7 gnoll sergeants (Bailey)
  4 scorpions
  A killer bee (D:10)
  A howler monkey (D:7)
  5 crimson imps
  A quasit (D:11)
  2 bullfrog skeletons (D:4)
  A bullfrog zombie (D:11)
  8 hounds
  4 jellies
  8 orc priests
  9 orc wizards
  6 gnoll shamans (Bailey)
  9 worker ants
  An iguana (D:5)
  A hound zombie (D:5)
  3 hound skeletons
  A worker ant zombie (D:5)
  17 gnolls
  13 adders
  6 river rats (D:5)
  A shadow imp (D:7)
  An ooze (D:1)
  5 adder skeletons
  3 worms
  3 dart slugs (D:2)
  10 leopard geckos
  24 orcs
  A bat skeleton (D:2)
  2 giant cockroaches
  2 goblins
  5 hobgoblins
  20 jackals
  3 quokkas
  4 ball pythons
  A ball python skeleton (D:2)
  6 bats
  5 frilled lizards
  A giant cockroach zombie (D:2)
  A jackal skeleton (D:2)
  10 kobolds
  A leopard gecko skeleton (D:2)
  A quokka skeleton (D:4)
  8 rats
  2 rat zombies (D:9)
300 creatures vanquished.

Vanquished Creatures (collateral kills)
  2 vault guards (D:13)
  A two-headed ogre (D:10)
  A deep elf mage (D:9)
  3 ugly things
  A cyclops (D:11)
  A manticore (D:11)
  A gargoyle (D:12)
  A kobold demonologist (D:11)
  A freezing wraith (D:11)
  A troll (D:13)
  A meliai zombie (D:13)
  A slime creature (D:12)
  A wyvern (D:11)
  3 ice beasts
  2 phantoms
  An eye of draining (shapeshifter) (D:13)
  A bullfrog (D:7)
  2 gnoll sergeants
  A wyvern zombie (D:10)
  4 killer bees (D:10)
  A bullfrog zombie (D:10)
  2 hounds
  An iguana (D:10)
  2 bullfrog skeletons
  2 worker ants
  2 orc wizards
  2 gnolls
  An adder (D:11)
  A leopard gecko (D:11)
  6 orcs
  A quokka (D:8)
  2 kobolds (D:11)
53 creatures vanquished.

Vanquished Creatures (others)
  Sonja (D:12)
  3 orc priests
  4 orc wizards
  16 orcs
  A hobgoblin (D:3)
25 creatures vanquished.

Grand Total: 378 creatures vanquished

Notes
Turn   | Place    | Note
-------+----------+-------------------------------------------
     0 | D:1      | senseless the Hill Orc Fighter began the quest for the Orb.
     0 | D:1      | Reached XP level 1. HP: 19/19 MP: 1/1
    45 | D:1      | Reached XP level 2. HP: 27/27 MP: 2/2
   323 | D:1      | Reached XP level 3. HP: 33/33 MP: 3/3
   852 | D:2      | Reached XP level 4. HP: 34/40 MP: 4/4
   933 | D:2      | Reached skill level 3 in Maces & Flails
  1106 | D:2      | Reached XP level 5. HP: 41/47 MP: 5/5
  1111 | D:2      | Reached skill level 1 in Dodging
  1569 | D:3      | Became a worshipper of Beogh the Brigand
  1588 | D:3      | Reached skill level 4 in Maces & Flails
  2228 | D:4      | Reached XP level 6. HP: 35/53 MP: 6/6
  2445 | D:4      | Reached * piety under Beogh
  2445 | D:4      | Reached skill level 5 in Maces & Flails
  2668 | D:4      | Found a white marble altar of Elyvilon.
  2756 | D:4      | Reached skill level 5 in Shields
  2756 | D:4      | Reached XP level 7. HP: 32/60 MP: 7/7
  3017 | D:4      | Reached skill level 6 in Maces & Flails
  3140 | D:4      | Got an ichor-stained morningstar
  3141 | D:4      | Identified the cursed +1 morningstar "Raeth" {speed, Dex+3}
                  | (You found it on level 4 of the Dungeon)
  3149 | D:4      | Reached skill level 5 in Fighting
  3347 | D:5      | Entered Level 5 of the Dungeon
  3552 | D:5      | Reached XP level 8. HP: 36/69 MP: 8/8
  3633 | D:5      | Reached skill level 7 in Maces & Flails
  3730 | D:5      | Reached ** piety under Beogh
  3775 | D:5      | Found a glowing drain.
  3780 | Sewer    | Entered a sewer
  3833 | Sewer    | Noticed Purgy
  3846 | Sewer    | Killed Purgy
  4210 | D:5      | Found a hide-covered altar of Uskayaw.
  4814 | D:6      | Reached skill level 8 in Maces & Flails
  4898 | D:6      | Reached XP level 9. HP: 78/78 MP: 9/9
  5017 | D:6      | Found a staircase to the Ecumenical Temple.
  5379 | D:7      | Found Yptueg's Antique Weapon Boutique.
  5462 | D:7      | Reached *** piety under Beogh
  5506 | D:7      | Reached skill level 9 in Maces & Flails
  5692 | D:7      | Found Zin's Purification Station.
  5700 | D:7      | Found a glowing silver altar of Zin.
  5718 | D:7      | Bought a potion of curing for 90 gold pieces
  5816 | D:7      | Found a radiant altar of Vehumet.
  5816 | D:7      | Found a sparkling altar of Nemelex Xobeh.
  6531 | D:8      | Reached skill level 1 in Stealth
  6546 | D:8      | Found Osew's Book Emporium.
  6555 | D:8      | Gained Okrist as an ally
  6601 | D:8      | Found a stormy altar of Qazlal.
  6635 | D:8      | Found a staircase to the Lair.
  6648 | D:8      | Reached skill level 10 in Maces & Flails
  6657 | D:8      | Reached XP level 10. HP: 50/88 MP: 10/10
  7200 | D:8      | Noticed a green ugly thing
  7214 | D:8      | Killed a green ugly thing
  7458 | D:9      | Noticed a deep elf mage
  7476 | D:9      | Killed a deep elf mage
  7476 | D:9      | Reached skill level 11 in Maces & Flails
  7505 | D:9      | Reached **** piety under Beogh
  7779 | D:9      | Noticed a cyan ugly thing
  7798 | D:9      | Killed a cyan ugly thing
  7982 | D:9      | Reached skill level 5 in Armour
  8068 | D:9      | Noticed Psyche
  8081 | D:9      | Killed Psyche
  8464 | D:9      | Reached XP level 11. HP: 97/97 MP: 11/11
  8626 | D:9      | Found an ancient bone altar of Kikubaaqudgha.
  8665 | D:10     | Entered Level 10 of the Dungeon
  8665 | D:10     | Found a large runed translucent door.
  8665 | D:10     | Found a large runed translucent door.
  8668 | D:10     | Noticed shugdite's ghost (novice MiMo)
  8686 | D:10     | Killed shugdite's ghost
  8686 | D:10     | Reached skill level 12 in Maces & Flails
  8844 | D:10     | Noticed a cyan ugly thing
  8845 | D:10     | Noticed a two-headed ogre
  8853 | D:10     | Killed a cyan ugly thing
  8867 | D:10     | Killed a two-headed ogre
  8870 | D:10     | HP: 2/97 [iguana (5)]
  9003 | D:10     | Found a flagged portal.
  9039 | Bailey   | Entered a bailey
  9802 | Bailey   | Reached ***** piety under Beogh
  9919 | Bailey   | Reached skill level 5 in Dodging
 11063 | D:11     | Noticed a sixfirhy
 11099 | D:11     | Noticed a two-headed ogre
 11114 | D:11     | Killed a two-headed ogre
 11114 | D:11     | Reached skill level 10 in Fighting
 11118 | D:11     | Noticed a green ugly thing
 11133 | D:11     | Killed a green ugly thing
 11144 | D:11     | Noticed a manticore
 11151 | D:11     | Killed a manticore
 11590 | D:11     | Noticed a two-headed ogre
 11596 | D:11     | Gained Milork as an ally
 11603 | D:11     | Killed a two-headed ogre
 11603 | D:11     | Reached skill level 13 in Maces & Flails
 11864 | D:11     | Found a staircase to the Orcish Mines.
 11957 | D:11     | Noticed a cyclops
 11967 | D:11     | Killed a cyclops
 11967 | D:11     | Reached XP level 12. HP: 73/106 MP: 12/12
 12324 | D:11     | Gained mutation: Your body sometimes deteriorates upon
                  | taking damage. [potion of mutation]
 12324 | D:11     | Gained mutation: Your magical capacity is low. (-10% MP)
                  | [potion of mutation]
 12324 | D:11     | Gained mutation: You are partially covered in rugged brown
                  | scales. (AC +1, +3% HP) [potion of mutation]
 12325 | D:11     | Lost mutation: Your body sometimes deteriorates upon taking
                  | damage. [potion of mutation]
 12325 | D:11     | Lost mutation: Your magical capacity is low. (-10% MP)
                  | [potion of mutation]
 12325 | D:11     | Gained mutation: You tend to lose your temper in combat.
                  | [potion of mutation]
 12325 | D:11     | Gained mutation: You have a somewhat thin skeletal
                  | structure. (Dex +2, Stealth) [potion of mutation]
 12344 | D:12     | Killed Sonja
 12794 | D:12     | Reached skill level 10 in Shields
 13334 | D:13     | Noticed a four-headed hydra
 13340 | D:13     | Killed a four-headed hydra
 13353 | D:13     | Reached skill level 14 in Maces & Flails
 13401 | D:13     | HP: 3/110 [something (8)]
 13405 | D:13     | HP: 1/110 [something (2)]
 13702 | D:13     | Noticed a vault guard
 13703 | D:13     | Noticed a centaur warrior
 13703 | D:13     | Noticed a vault guard
 13704 | D:13     | Found a gate to the Vaults.
 13704 | D:13     | Noticed a vault guard
 13704 | D:13     | Noticed a vault guard
 13724 | D:13     | Killed a vault guard
 13732 | D:13     | Killed a vault guard
 13735 | D:13     | Killed a centaur warrior
 13745 | D:13     | Killed a vault guard
 13759 | D:13     | Slain by a vault guard

Skill      XL: |  1  2  3  4  5  6  7  8  9 10 11 12 |
---------------+-------------------------------------+-----
Fighting       | 4 5 6 7 9 10 | 10.8
Shields        | 4 5 6 7 8 9 10 | 10.2
Maces & Flails | 3 4 5 6 8 10 11 13 14 | 14.5
Dodging        | 1 2 3 4 5 |  5.4
Armour         | 4 5 6 7 |  7.3
Stealth        | 1 2 |  2.9

Action                   |  1- 3 |  4- 6 |  7- 9 | 10-12 || total
-------------------------+-------+-------+-------+-------++-------
Melee: Flail             |    95 |   215 |    30 |       ||   340
       Morningstar       |       |       |   345 |   641 ||   986
Invok: Convert to Beogh  |       |     1 |       |       ||     1
  Use: Scroll            |     2 |     6 |     7 |     6 ||    21
       Potion            |       |       |     2 |     3 ||     5
 Stab: Sleeping          |       |       |     2 |     2 ||     4
       Distracted        |       |       |       |     4 ||     4
       Confused          |       |       |       |     1 ||     1
  Eat: Chunk             |       |     6 |    13 |    11 ||    30
       Ration            |       |       |       |     3 ||     3
Armor: Scale mail        |    28 |       |       |   103 ||   131
       Leather armour    |    14 |    75 |    86 |    53 ||   228
Dodge: Dodged            |    36 |    85 |   147 |   190 ||   458
Block: Shield            |    58 |   101 |   152 |   281 ||   592
